Map: Darkness Sanctuary LE

Players

Snute

  • Race: Zerg Zerg
  • Spawn Location: 7:00

MaNa - Winner!

  • Race: Protoss Protoss
  • Spawn Location: 5:00

Event: WCS Austin 2018

VOD

Have the link to the VOD?

Description

Time

  • Played on: June 3, 2018, 2:24 p.m.
  • Length: 15:39

All games in this series

Show
View Real Time Build Order
Export as new Build Order

Snute Zerg 

Build Orders: Hatch First, Swarm Host 

Get SALT Encoding   

  12  0:00  Drone  
  13  0:12  Overlord  
  13  0:16  Drone  
  14  0:30  Drone x2  
  14  0:34  Drone  
  17  0:55  Drone  
  17  0:56  Drone  
  19  1:07  Drone  
  20  1:16  Hatchery  
  20  1:17  Drone  
  20  1:27  Drone  
  20  1:29  Extractor  
  20  1:30  Spawning Pool  
  19  1:38  Drone  
  20  1:49  Drone  
  21  1:59  Overlord  
  21  2:13  Hatchery  
  20  2:16  Queen  
  20  2:20  Zergling x2  
  20  2:21  Zergling x2  
  24  2:29  Queen  
  26  2:30  Metabolic Boost  
  26  2:31  Drone  
  26  2:32  Drone  
  28  2:39  Drone  
  28  2:43  Drone  
  30  2:49  Drone  
  31  2:52  Queen  
  31  2:53  Drone  
  34  3:04  Drone x2  
  36  3:10  Overlord  
  36  3:22  Overlord  
  36  3:26  Drone x5  
  41  3:28  Drone  
  41  3:32  Queen  
  41  3:33  Queen  
  46  3:34  Drone  
  46  3:38  Drone  
  46  3:39  Drone x2  
  50  3:46  Roach Warren  
  49  3:52  Zergling x8  
  53  3:56  Zergling x4  
  53  3:59  Spore Crawler  
  54  4:04  Overlord  
  54  4:12  Overlord  
  54  4:13  Overlord  
  54  4:24  Extractor  
  53  4:27  Roach x5  
  53  4:28  Zergling x2  
  53  4:29  Zergling x4  
  66  4:32  Zergling x8  
  70  4:44  Zergling x8  
  70  4:45  Zergling x4  
  71  4:49  Drone x3  
  70  4:55  Drone x2  
  70  4:57  Drone  
  69  5:00  Queen  
  69  5:05  Queen  
  73  5:07  Drone  
  73  5:10  Spore Crawler  
  73  5:12  Spore Crawler  
  73  5:13  Drone  
  73  5:15  Drone  
  73  5:20  Drone x3  
  77  5:23  Queen  
  79  5:28  Drone  
  79  5:29  Drone  
  79  5:33  Overlord x2  
  79  5:35  Overlord  
  70  5:52  Drone x9, Queen  
  70  5:54  Queen  
  75  6:00  Evolution Chamber  
  75  6:03  Roach x3  
  80  6:06  Roach x2  
  84  6:11  Evolution Chamber, Lair  
  84  6:13  Drone  
  84  6:14  Drone  
  84  6:17  Extractor  
  84  6:18  Drone, Extractor  
  84  6:19  Drone x3  
  84  6:25  Drone x2  
  90  6:28  Zerg Missile Weapons Level 1  
  90  6:31  Drone x4  
  94  6:33  Drone x3, Extractor  
  94  6:34  Extractor  
  95  6:40  Drone  
  95  6:41  Drone x3  
  95  6:44  Spore Crawler  
  95  6:46  Drone x2  
  100  6:48  Queen x2  
  102  6:57  Zergling x10  
  100  7:04  Roach x5  
  103  7:12  Drone  
  103  7:13  Drone  
  99  7:17  Zergling x6  
  96  7:24  Drone x4  
  94  7:30  Drone x2  
  94  7:33  Drone  
  97  7:37  Drone x2  
  97  7:43  Drone  
  99  7:45  Drone  
  99  7:46  Infestation Pit  
  99  7:47  Drone  
  99  7:50  Drone x2  
  101  7:53  Drone  
  101  7:58  Drone  
  103  7:59  Drone  
  103  8:00  Drone  
  103  8:01  Drone  
  103  8:02  Overlord  
  106  8:06  Overlord  
  105  8:13  Glial Reconstitution  
  105  8:15  Overlord  
  105  8:18  Overlord  
  105  8:21  Drone  
  105  8:22  Drone x3  
  105  8:25  Zerg Missile Weapons Level 2  
  109  8:58  Hatchery  
  105  9:05  Zergling x10  
  105  9:06  Zergling x4  
  105  9:07  Drone x2  
  105  9:08  Drone x3  
  114  9:13  Swarm Host x8  
  114  9:15  Overlord x2  
  114  9:16  Overlord  
  138  9:25  Overlord, Hydralisk Den  
  137  9:35  Swarm Host x6  
  155  9:41  Overlord  
  155  9:45  Swarm Host x2  
  158  9:47  Swarm Host  
  163  9:57  Grooved Spines  
  163  9:59  Roach  
  164  10:00  Roach x3  
  164  10:02  Overseer  
  163  10:18  Overlord  
  155  10:32  Swarm Host  
  155  10:35  Roach x5  
  168  10:36  Hydralisk x9  
  168  10:41  Overseer  
  186  10:44  Hive  
  184  10:55  Hydralisk  
  184  10:56  Hydralisk x5  
  177  11:05  Roach  
  177  11:06  Roach x3  
  173  11:18  Hydralisk x3  
  150  11:19  Roach x3  
  133  11:28  Drone  
  133  11:29  Drone x5  
  134  11:35  Drone x3  
  137  11:42  Muscular Augments  
  137  11:55  Roach x5  
  137  12:00  Hydralisk x2  
  149  12:14  Overlord  
  129  12:16  Roach  
  129  12:17  Roach x5  
  129  12:22  Drone x3  
  131  12:23  Drone  
  131  12:29  Drone x3  
  128  12:32  Drone  
  128  12:35  Drone  
  130  12:37  Hydralisk  
  130  12:43  Hydralisk  
  128  12:51  Drone x3  
  124  13:10  Hydralisk x7  
  137  13:20  Hydralisk x3  
  137  13:25  Hydralisk x2  
  147  13:41  Hydralisk x6  
  147  13:56  Hydralisk x6  
  151  14:06  Roach  
  151  14:07  Roach x4  
  148  14:17  Roach x3  
  148  14:18  Roach  
  145  14:25  Roach x3  
  145  14:29  Roach  
  131  14:33  Hydralisk  
  131  14:37  Hydralisk  
  131  14:38  Hydralisk  
  108  14:43  Hydralisk  
  94  14:46  Hydralisk  
  96  14:54  Hydralisk x2  
  96  14:57  Zergling x2  
  96  14:58  Zergling x2  
  103  15:00  Zergling x2  
  103  15:01  Queen  
  105  15:09  Hydralisk  
Show
View Real Time Build Order
Export as new Build Order

MaNa Protoss - Winner!

Build Orders: 1 Gate Expand 

Get SALT Encoding   

  12  0:00  Probe  
  13  0:12  Probe  
  14  0:18  Pylon  
  14  0:24  Probe  
  15  0:32  Probe  
  15  0:38  Assimilator  
  15  0:40  Probe  
  16  0:47  Gateway  
  17  0:51  Probe  
  18  0:59  Probe  
  18  1:00  Pylon  
  19  1:07  Probe  
  20  1:27  Nexus  
  20  1:37  Cybernetics Core  
  20  1:40  Probe  
  20  1:46  Assimilator  
  21  1:52  Probe  
  22  1:56  Pylon  
  22  2:03  Probe  
  23  2:12  Probe, Warp Gate  
  23  2:14  Adept  
  25  2:21  Probe  
  26  2:23  Twilight Council  
  27  2:31  Stalker  
  27  2:32  Probe  
  28  2:40  Probe  
  31  2:45  Probe  
  31  2:50  Resonating Glaives  
  32  2:52  Probe  
  32  2:57  Probe  
  34  3:04  Probe  
  35  3:08  Gateway  
  35  3:11  Adept  
  35  3:12  Gateway  
  35  3:15  Probe  
  38  3:22  Probe  
  39  3:27  Probe  
  39  3:29  Pylon  
  40  3:34  Probe  
  40  3:39  Probe  
  40  3:40  Adept  
  44  3:46  Probe  
  45  3:49  Pylon  
  45  3:51  Probe  
  46  3:58  Probe  
  47  4:03  Probe  
  47  4:05  Stargate x2  
  48  4:12  Probe  
  48  4:14  Adept x2  
  48  4:15  Adept, Probe  
  56  4:22  Assimilator  
  56  4:24  Assimilator  
  56  4:25  Pylon  
  56  4:26  Probe  
  56  4:27  Probe  
  58  4:32  Pylon  
  58  4:43  Adept x3  
  64  4:50  Oracle  
  63  4:54  Probe x2  
  63  4:58  Oracle  
  57  5:06  Probe  
  58  5:12  Adept  
  58  5:13  Adept  
  65  5:14  Adept  
  65  5:18  Probe  
  65  5:21  Pylon  
  68  5:24  Nexus  
  68  5:28  Oracle  
  71  5:40  Sentry, Shield Battery  
  71  5:47  Adept  
  71  5:48  Adept, Probe  
  75  6:01  Oracle  
  78  6:05  Probe x2  
  78  6:06  Assimilator  
  78  6:08  Adept x3  
  86  6:11  Assimilator  
  86  6:15  Shield Battery  
  86  6:17  Robotics Facility  
  86  6:20  Forge  
  86  6:36  Oracle, Probe x2  
  86  6:39  Adept  
  93  6:40  Adept  
  93  6:41  Probe  
  96  6:48  Probe x2  
  95  7:00  Probe  
  93  7:04  Probe  
  94  7:08  Probe  
  94  7:12  Probe  
  94  7:14  Immortal  
  94  7:16  Protoss Ground Weapons Level 1  
  94  7:17  Robotics Facility, Probe  
  94  7:20  Sentry x2, Adept  
  101  7:26  Probe x2  
  101  7:28  Charge  
  101  7:29  Probe  
  98  7:30  Gateway  
  92  7:41  Shield Battery  
  92  7:42  Photon Cannon  
  92  7:43  Shield Battery  
  90  7:44  Shield Battery  
  90  7:51  Zealot x2, Gateway, Immortal, Adept  
  96  7:55  Photon Cannon  
  96  8:05  Pylon  
  100  8:06  Pylon  
  100  8:13  Immortal  
  100  8:18  Pylon  
  100  8:20  Immortal, Templar Archives, Pylon  
  100  8:25  Shield Battery  
  104  8:32  Probe x3  
  111  8:44  Probe x3  
  114  8:51  Protoss Ground Weapons Level 2  
  114  8:53  Gateway  
  112  9:01  Psionic Storm  
  112  9:02  High Templar x3  
  114  9:03  High Templar  
  118  9:10  Immortal, Observer  
  122  9:22  Zealot  
  124  9:28  Gateway  
  124  9:29  Pylon x2  
  124  9:30  Gateway  
  124  9:31  Observer, Pylon  
  125  9:34  Nexus  
  125  9:38  Pylon  
  125  9:46  Forge  
  125  9:48  High Templar x2  
  125  9:49  Zealot x3  
  125  9:52  Archon  
  135  9:59  Immortal  
  135  10:00  Shield Battery  
  135  10:06  Warp Prism  
  135  10:10  Zealot x4  
  143  10:23  Zealot  
  143  10:24  Zealot  
  147  10:31  High Templar x4  
  147  10:32  Zealot x2  
  155  10:36  Archon x2  
  149  11:01  Zealot x4  
  155  11:04  Zealot  
  155  11:05  Zealot x3  
  147  11:16  Archon  
  137  11:23  Zealot x4  
  137  11:24  Immortal x2  
  122  11:31  High Templar x4  
  113  11:45  Zealot x2, High Templar x2  
  121  11:52  Archon  
  115  11:55  Zealot  
  115  11:56  Zealot x3  
  115  12:00  Immortal  
  127  12:13  Archon  
  115  12:17  Zealot x7  
  115  12:21  Immortal  
  127  12:23  Cybernetics Core  
  127  12:26  Immortal  
  119  12:39  Zealot x4, Assimilator  
  119  12:40  Zealot x3  
  133  12:52  Protoss Ground Weapons Level 3  
  133  12:54  Protoss Ground Armor Level 1  
  133  12:55  Probe x2  
  133  12:56  Assimilator  
  131  13:02  High Templar x3  
  131  13:03  Immortal  
  131  13:05  Probe x2  
  135  13:06  Photon Cannon  
  135  13:08  Probe x2, Photon Cannon  
  141  13:17  High Templar x2, Probe  
  141  13:19  Zealot x2  
  148  13:24  Gateway  
  149  13:27  Gateway, Observer  
  149  13:29  Gateway  
  149  13:35  Zealot x3  
  149  13:36  Nexus  
  149  13:37  Pylon  
  143  13:55  Zealot x7  
  147  13:57  Immortal  
  137  14:23  Zealot x7, Immortal  
  147  14:26  Immortal  
  121  14:31  Archon  
  113  14:45  High Templar x4  
  91  14:46  High Templar x2  
  91  14:47  Zealot  
  91  14:49  Photon Cannon  
  91  14:50  Immortal  
  91  14:51  Photon Cannon  
  101  14:53  Immortal, Shield Battery  
  101  14:54  Zealot, Sentry x2  
  113  15:19  Zealot x10  
  128  15:31  Archon  
Tags
 
Add a new tag
Caveats
  • Supply blocks, unpowered buildings, or Contaminate may cause inaccurate times.
  • Supply counts are checked every 10 seconds.